 Dungeon Crawl Stone Soup version 0.24-a0-760-g74cc3ae (console) character file.

Game seed: 5762758519224783249, levelgen mode: deterministic

9505 swinepaste the Arsonist (level 11, -8/60 HPs)
             Began as a Deep Elf Fire Elementalist on Oct 2, 2019.
             Was a Priest of Vehumet.
             Killed from afar by a manticore (18 damage)
             ... with a volley of spikes
             ... on level 11 of the Dungeon.
             The game lasted 00:41:48 (12296 turns).

swinepaste the Arsonist (DEFE)                     Turns: 12296, Time: 00:41:49

Health: -8/60      AC:  8    Str:  7    XL:     11   Next: 23%
Magic:  2/26       EV: 17    Int: 24    God:    Vehumet [***...]
Gold:   647        SH:  0    Dex: 15    Spells: 7/29 levels left

rFire    + . .     SeeInvis +   a - +3 rapier {protect, Str+2} (curse)
rCold    . . .     Gourm    .   (no shield)
rNeg     . . .     Faith    .   P - +1 robe {rF+}
rPois    +         Spirit   .   q - +2 helmet
rElec    .         Reflect  .   t - +1 cloak
rCorr    .         Harm     .   (no gloves)
MR       +....                  (no boots)
Stlth    ++........             k - amulet of rage
HPRegen  0.20/turn              r - ring of see invisible
MPRegen  0.20/turn              E - ring of poison resistance

@: barbed spikes
A: no striking features
a: Renounce Religion, Evoke Berserk Rage


You were on level 11 of the Dungeon.
You worshipped Vehumet.
Vehumet was most pleased with you.
You were very hungry.

You visited 2 branches of the dungeon, and saw 12 of its levels.

You collected 647 gold pieces.

Inventory:

Hand Weapons
 a - the cursed +3 rapier of Beogh's Brutal Revenge (weapon) {protect, Str+2}
   (You found it on level 9 of the Dungeon)

   It grants its wielder temporary protection when it strikes (+7 to AC).
   It affects your strength (+2).
   It has a curse placed upon it.
 s - a +2 quarterstaff of chaos
 x - a +0 dagger
 C - a +0 whip of freezing
 M - a +3 whip
 O - a +2 scimitar of flaming
Missiles
 d - 11 boomerangs (quivered)
 e - 5 atropa-tipped darts
Armour
 f - a +0 robe
 q - a +2 helmet (worn)
 t - a +1 cloak (worn)
 D - a +1 leather armour of cold resistance
 P - a +1 robe of fire resistance (worn)
Magical Staves
 I - an uncursed staff of death
Jewellery
 k - an amulet of rage (around neck)
 r - a ring of see invisible (left hand)
 E - a ring of poison resistance (right hand)
 F - an uncursed ring of ice
 R - an uncursed ring of stealth
Wands
 u - a wand of random effects (10)
 w - a wand of iceblast (14)
 B - a wand of digging (7)
 G - a wand of acid (14)
 K - a wand of flame (27)
 L - a wand of clouds (6)
 N - a wand of enslavement (7)
Scrolls
 b - 7 scrolls of remove curse
 g - 5 scrolls of teleportation
 l - a scroll of identify
 v - 2 scrolls of immolation
 y - 3 scrolls of enchant weapon {unknown}
 z - 2 scrolls of enchant armour {unknown}
 H - a scroll of noise {unknown}
 J - a scroll of blinking {unknown}
 Q - a scroll of fear {unknown}
Potions
 h - 7 potions of curing
 i - 2 potions of resistance
 j - 2 potions of brilliance
 m - a potion of ambrosia
 n - 2 potions of heal wounds
 o - a potion of flight
 p - 2 potions of agility
 A - 2 potions of magic
Comestibles
 c - 22 rations


   Skills:
 + Level 3.1 Fighting
 * Level 7.4 Dodging
 - Level 2.4 Stealth
 - Level 9.5 Spellcasting
 - Level 10.5 Conjurations
 - Level 11.4 Fire Magic
 - Level 2.0 Air Magic
 - Level 3.7 Poison Magic


You had 7 spell levels left.
You knew the following spells:

 Your Spells              Type           Power        Failure   Level  Hunger
c - Conjure Flame         Conj/Fire      ######..     1%          3    None
d - Magic Dart            Conj           ####         1%          1    None
e - Inner Flame           Hex/Fire       #####...     1%          3    None
f - Flame Tongue          Conj/Fire      #####        1%          1    None
q - Mephitic Cloud        Conj/Pois/Air  #####...     1%          3    None
s - Sting                 Conj/Pois      ####         1%          1    None
t - Sticky Flame          Conj/Fire      ######..     1%          4    #......
z - Shock                 Conj/Air       ####         1%          1    None
F - Fireball              Conj/Fire      ######....   1%          5    ####...

Your spell library contained the following spells:

 Spells                   Type           Power        Failure   Level  Hunger
 Throw Icicle             Conj/Ice       #####...     1%          4    #......
 Searing Ray              Conj           ######       1%          2    None
 Throw Flame              Conj/Fire      ######       1%          2    None
 Dazzling Spray           Conj/Hex       #####.       1%          3    None
 Force Lance              Conj/Tloc      #####...     1%          4    #......
 Fulminant Prism          Conj/Hex       #####.....   1%          4    #......
 Iskenderun's Mystic Bla  Conj           ######..     1%          4    #......
 Corona                   Hex            ##.....      5%          1    None
 Ensorcelled Hibernation  Hex/Ice        ##....       9%          2    None
 Confuse                  Hex            ##......     17%         3    None
 Tukima's Dance           Hex            ##......     17%         3    None


Dungeon Overview and Level Annotations

Branches:
Dungeon (11/15)            Temple (1/1) D:4             Orc (0/2) D:9
   Lair: D:8-11

Altars:
Ashenzari
Cheibriados
Dithmenos
Elyvilon
Fedhas
Gozag
Hepliaklqana
Kikubaaqudgha
Makhleb
Nemelex Xobeh
Okawaru
Qazlal
Ru
Sif Muna
Trog
Uskayaw
Vehumet
Wu Jian
Xom
Yredelemnul
Zin
The Shining One

Shops:
D:10 *


Message History

Press: ? - help, Shift-Dir - straight line, f/p - two-headed ogre
Aim: a two-headed ogre, wielding a +2 dire flail of protection and a +0 giant spiked club (heavily wounded, poisoned, confused)
The sting hits the two-headed ogre.
The two-headed ogre looks as sick as possible!
The two-headed ogre is severely wounded.
A manticore comes into view.
The manticore flicks its tail.
The volley of spikes misses you.
Things that are here:
a cursed +0 scale mail; a +0 war axe; an orc skeleton You open the door.
The manticore flicks its tail.
The volley of spikes misses you.
The manticore flicks its tail.
The volley of spikes misses you.
There is an open door here.
The manticore flicks its tail.
The volley of spikes hits you!!
The barbed spikes become lodged in your body.
You die...

....................#
<...#
....................#
.....#
............#.......#
.....#
............##).....+
.#.....##
.......#.#####......#
.#......# ######.#.#
#<#....#####.......#
o......#.#
#.'.................
###O.....#
###.....###........#
#.######
#e....#.#........# #.#
##'#....#........# #.#
#.#H##.#........#
###.#
#.#..#.#<......##
....#
######.#....#..#.####
#####
........H.....[.......
....).............####
..............#......#
.
^..........#.[#.#....#


You could see a manticore.

Vanquished Creatures
  Erica (D:9)
  Pikel (D:4)
  An elephant (D:11)
  Maurice (D:9)
  Psyche (D:9)
  A troll (D:9)
  2 hippogriffs
  Sigmund (D:2)
  6 yaks
  A wraith (D:11)
  Grum (D:11)
  A basilisk (D:11)
  A hungry ghost (D:11)
  A human (D:7)
  4 hogs (D:7)
  Duvessa (D:4)
  2 ice beasts (D:10)
  A sky beast (D:10)
  2 slaves (D:4)
  A black bear (D:8)
  2 wolves (D:10)
  A necrophage (D:11)
  8 ogres
  A centaur (D:11)
  Blork the orc (D:6)
  2 crocodiles
  2 bullfrogs
  A wyvern skeleton (D:6)
  A water moccasin zombie (D:6)
  Dowan (D:4)
  3 scorpions
  A water moccasin skeleton (D:8)
  9 wights
  8 killer bees (D:11)
  3 howler monkeys (D:9)
  A bullfrog zombie (D:8)
  3 crimson imps
  A quasit (D:9)
  2 jellies (D:8)
  A bullfrog skeleton (D:7)
  2 hounds
  A centaur skeleton (D:5)
  A gnoll shaman (D:9)
  3 orc priests
  Crazy Yiuf (D:2)
  Natasha (thrice) (D:3)
  9 orc wizards
  4 iguanas
  11 worker ants
  Robin (D:2)
  A howler monkey skeleton (D:6)
  14 adders
  12 gnolls
  A shadow imp (D:9)
  An ooze (D:4)
  4 worms
  An adder skeleton (D:6)
  3 dart slugs (D:2)
  3 leopard geckos
  23 orcs
  6 giant cockroaches
  17 goblins
  7 hobgoblins
  15 jackals
  10 kobolds
  4 quokkas
  A ball python (D:10)
  9 bats
  2 frilled lizards
  A jackal skeleton (D:5)
  A jackal zombie (D:6)
  A leopard gecko zombie (D:6)
  10 rats
266 creatures vanquished.

Vanquished Creatures (collateral kills)
  A killer bee (D:11)
1 creature vanquished.

Vanquished Creatures (others)
  An ice beast (D:4)
  A killer bee (D:11)
2 creatures vanquished.

Grand Total: 269 creatures vanquished

Notes
Turn   | Place    | Note
-------+----------+-------------------------------------------
     0 | D:1      | swinepaste the Deep Elf Fire Elementalist began the quest
                  | for the Orb.
     0 | D:1      | Reached XP level 1. HP: 10/10 MP: 6/6
   144 | D:1      | Reached XP level 2. HP: 15/15 MP: 2/8
  1090 | D:1      | Reached XP level 3. HP: 19/19 MP: 9/9
  1095 | D:1      | Learned a level 3 spell: Conjure Flame
  1332 | D:2      | Reached skill level 4 in Fire Magic
  1414 | D:2      | Noticed Robin
  1463 | D:2      | Reached XP level 4. HP: 10/24 MP: 0/11
  1836 | D:2      | Found an iron altar of Okawaru.
  1964 | D:2      | Found an opulent altar of Gozag.
  2022 | D:2      | Found a runed translucent door.
  2023 | D:2      | Noticed Crazy Yiuf
  2046 | D:2      | Found a sparkling altar of Nemelex Xobeh.
  2104 | D:2      | Learned a level 4 spell: Sticky Flame
  2324 | D:2      | Noticed Sigmund
  2579 | D:2      | Killed Robin
  2579 | D:2      | Reached XP level 5. HP: 25/28 MP: 6/13
  2744 | D:2      | Killed Sigmund
  2744 | D:2      | Reached skill level 5 in Fire Magic
  2744 | D:2      | Reached XP level 6. HP: 27/32 MP: 5/15
  2751 | D:2      | Learned a level 5 spell: Fireball
  2939 | D:2      | Killed Crazy Yiuf
  3355 | D:3      | Found a blossoming altar of Fedhas.
  3358 | D:3      | Noticed Natasha
  3365 | D:3      | Killed Natasha
  3390 | D:3      | Noticed Natasha
  3406 | D:3      | Killed Natasha
  3406 | D:3      | Reached skill level 5 in Spellcasting
  3462 | D:3      | Noticed Natasha
  3476 | D:3      | Killed Natasha
  3885 | D:4      | Reached skill level 6 in Fire Magic
  3963 | D:4      | Reached skill level 5 in Conjurations
  3963 | D:4      | Reached XP level 7. HP: 36/36 MP: 5/17
  4046 | D:4      | Found a staircase to the Ecumenical Temple.
  4054 | Temple   | Entered the Ecumenical Temple
  4397 | D:4      | Noticed Pikel
  4406 | D:4      | Killed Pikel
  4406 | D:4      | Reached skill level 7 in Fire Magic
  4534 | D:4      | Reached XP level 8. HP: 24/41 MP: 13/19
  4673 | D:4      | Found a shattered altar of Ashenzari.
  4680 | D:4      | Found a glowing golden altar of the Shining One.
  4689 | D:4      | Found a shadowy altar of Dithmenos.
  4692 | D:4      | Found a radiant altar of Vehumet.
  4705 | D:4      | Became a worshipper of Vehumet
  4740 | D:4      | Noticed Dowan
  4752 | D:4      | Killed Dowan
  4776 | D:4      | Noticed Duvessa
  4788 | D:4      | Killed Duvessa
  4924 | D:4      | Found a glowing silver altar of Zin.
  5508 | D:5      | Entered Level 5 of the Dungeon
  5746 | D:5      | Reached skill level 8 in Fire Magic
  6255 | D:5      | Learned a level 3 spell: Inner Flame
  6509 | D:6      | Reached * piety under Vehumet
  6509 | D:6      | Offered knowledge of Sting by Vehumet.
  6674 | D:6      | Learned a level 1 spell: Sting
  6723 | D:6      | Reached XP level 9. HP: 45/45 MP: 5/22
  6726 | D:6      | Reached skill level 1 in Poison Magic
  6777 | D:6      | Found a snail-covered altar of Cheibriados.
  7459 | D:6      | Noticed Blork the orc
  7466 | D:6      | Killed Blork the orc
  8283 | D:7      | Offered knowledge of Shock by Vehumet.
  8283 | D:7      | Reached ** piety under Vehumet
  8575 | D:7      | Learned a level 1 spell: Shock
  8951 | D:8      | Reached skill level 10 in Conjurations
  8970 | D:8      | Reached skill level 1 in Air Magic
  9252 | D:8      | Learned a level 1 spell: Magic Dart
  9269 | D:8      | Found an opulent altar of Gozag.
  9632 | D:8      | Reached XP level 10. HP: 50/50 MP: 19/25
  9841 | D:9      | Noticed Psyche
  9861 | D:9      | Killed Psyche
  9861 | D:9      | Reached skill level 9 in Fire Magic
 10123 | D:9      | Got a twisted rapier
 10124 | D:9      | Identified the cursed +3 rapier of Beogh's Brutal Revenge
                  | {protect, Str+2} (You found it on level 9 of the Dungeon)
 10300 | D:9      | Found a staircase to the Orcish Mines.
 10446 | D:9      | Reached skill level 10 in Fire Magic
 10474 | D:9      | Found a hide-covered altar of Uskayaw.
 10474 | D:9      | Found a sacrificial altar of Ru.
 10508 | D:9      | Noticed Maurice
 10527 | D:9      | Killed Maurice
 10915 | D:9      | Noticed Erica
 10927 | D:9      | Killed Erica
 10927 | D:9      | Offered knowledge of Mephitic Cloud by Vehumet.
 10927 | D:9      | Reached skill level 11 in Fire Magic
 10932 | D:9      | Learned a level 3 spell: Mephitic Cloud
 11005 | D:10     | Entered Level 10 of the Dungeon
 11056 | D:10     | Reached *** piety under Vehumet
 11070 | D:10     | Reached skill level 1 in Fighting
 11288 | D:10     | Found Rify's Serpentskin Sales.
 11488 | D:11     | Noticed Grum
 11780 | D:10     | Reached skill level 5 in Dodging
 11870 | D:11     | Killed Grum
 11876 | D:11     | Reached XP level 11. HP: 57/57 MP: 4/26
 12186 | D:11     | Offered knowledge of Throw Icicle by Vehumet.
 12218 | D:11     | Noticed a two-headed ogre
 12296 | D:11     | Killed from afar by a manticore

Levels and vault maps discovered:
D:1:      dpeg_arrival_lava_temple_mockup, layout_loops_corners, minmay_cupped
D:2:      layout_basic, okawaru_metal_pillars_1_2, overflow_temple_1_default,
          old_standard_altar, first_ration, uniq_crazy_yiuf_cottage,
          uniq_sigmund, uniq_robin
D:3:      layout_loops_ring, fedhas_ov_isle_minmay, uniq_natasha
D:4:      layout_basic, kennysheep_mini_moat, minitemple,
          minmay_temple_entry_statues_pillars, uniq_duvessa, uniq_pikel
D:5:      layout_gridville
D:6:      layout_basic, cheibrodos_worm_habitat, serial_park_tiny_1,
          glass_columns_a, uniq_blork_the_orc
D:7:      layout_basic, grunt_livestock
D:8:      layout_loops_ring, nicolae_gozag_cash_rules_everything_around_me
D:9:      layout_basic, gammafunk_temple_overflow_elements, orc_0_dummy,
          uniq_maurice, uniq_psyche, uniq_erica
D:10:     layout_gridville, guppyfry_shop_venom
D:11:     minmay_smoke_and_mirrors, layout_basic, david_lair_generic,
          serial_shops, shop, fungi_pond_lemuel, eino_tiny_chamber, uniq_grum
Temple:   jpeg_temple_alley_garden

Skill      XL: |  1  2  3  4  5  6  7  8  9 10 11 |
---------------+----------------------------------+-----
Conjurations   | 2 3 4 5 6 8 10 | 10.5
Fire Magic     | 4 5 6 7 8 11 | 11.4
Spellcasting   | 4 5 6 7 9 |  9.5
Poison Magic   | 3 |  3.7
Air Magic      | 1 2 |  2.0
Dodging        | 5 7 |  7.4
Fighting       | 2 3 |  3.1
Stealth        | |  2.4

Action                   |  1- 3 |  4- 6 |  7- 9 | 10-12 || total
-------------------------+-------+-------+-------+-------++-------
Melee: Unarmed           |     5 |       |       |       ||     5
       Dagger            |    20 |     9 |       |       ||    29
       Whip              |       |     7 |    75 |       ||    82
       Quarterstaff      |       |       |    38 |       ||    38
       Rapier            |       |       |       |    24 ||    24
Throw: Boomerang         |    17 |       |     1 |       ||    18
 Cast: Flame Tongue      |    58 |   103 |   127 |    32 ||   320
       Conjure Flame     |     1 |     4 |     5 |     4 ||    14
       Sticky Flame      |       |     4 |    25 |    18 ||    47
       Fireball          |       |       |    13 |    28 ||    41
       Sting             |       |       |    26 |    60 ||    86
       Shock             |       |       |     2 |     6 ||     8
       Inner Flame       |       |       |     1 |     6 ||     7
       Magic Dart        |       |       |       |    14 ||    14
       Mephitic Cloud    |       |       |       |     4 ||     4
 Abil: Evoke Berserk Rag |     1 |       |     1 |       ||     2
Evoke: Wand              |       |       |       |     7 ||     7
  Use: Scroll            |       |       |     4 |    11 ||    15
 Stab: Sleeping          |     1 |     3 |     1 |     2 ||     7
       Confused          |       |       |     1 |     1 ||     2
  Eat: Chunk             |     2 |     9 |    23 |    13 ||    47
Armor: Robe              |    10 |     8 |    27 |    23 ||    68
       Leather armour    |       |       |     9 |    15 ||    24
Dodge: Dodged            |    44 |    39 |    99 |   109 ||   291

Table legend:
 A = Non-vault XP
 B = Vault XP
 C = Vault XP percentage of total XP
 D = Non-vault monster count
 E = Vault monster count
 F = Vault count percentage of total count
                 A         B        C        D         E       F
            +---------+---------+-------+---------+---------+-------
      Total |    8257 |    5322 |  39.2 |     227 |      38 |  14.3
            +---------+---------+-------+---------+---------+-------
        D:1 |      37 |       7 |  15.9 |      22 |       4 |  15.4
        D:2 |     128 |     297 |  69.9 |      27 |      13 |  32.5
        D:3 |     173 |      36 |  17.2 |      25 |       1 |   3.8
        D:4 |     405 |     797 |  66.3 |      12 |       3 |  20.0
        D:5 |     389 |       0 |   0.0 |      15 |       0 |   0.0
        D:6 |     920 |     105 |  10.2 |      38 |       2 |   5.0
        D:7 |     441 |     967 |  68.7 |       6 |       5 |  45.5
        D:8 |     911 |       0 |   0.0 |      18 |       0 |   0.0
        D:9 |    1587 |    1816 |  53.4 |      26 |       3 |  10.3
       D:10 |    1128 |     238 |  17.4 |      18 |       3 |  14.3
       D:11 |    2138 |    1059 |  33.1 |      20 |       4 |  16.7
            +---------+---------+-------+---------+---------+-------
